Map: Orbital Shipyard

Players

Chimaera

  • Race: Protoss Protoss
  • League: Silver

LilDicky - Winner!

  • Race: Zerg Zerg
  • League: Diamond

VOD

http://www.twitch.tv/tumescentpie

Description

Time

  • Played on: Dec. 6, 2015, 1:05 p.m.
  • Length: 10:26
Show
View Real Time Build Order
Export as new Build Order

Chimaera Protoss 

Build Orders: Double Forge 

Get SALT Encoding   

  12  0:01  Probe (Chrono Boost)  
  13  0:14  Pylon  
  13  0:18  Probe (Chrono Boost)  
  15  0:28  Probe (Chrono Boost)  
  15  0:35  Gateway  
  15  0:42  Assimilator  
  15  0:43  Probe (Chrono Boost)  
  16  0:54  Probe (Chrono Boost)  
  17  1:00  Gateway  
  17  1:10  Probe (Chrono Boost)  
  18  1:18  Pylon  
  18  1:23  Cybernetics Core  
  18  1:25  Probe (Chrono Boost)  
  19  1:36  Probe (Chrono Boost)  
  20  1:41  Pylon  
  20  1:46  Probe (Chrono Boost)  
  21  1:53  Assimilator  
  21  1:59  Adept x2  
  26  2:01  Probe (Chrono Boost)  
  26  2:04  Warp Gate (Chrono Boost)  
  26  2:12  Probe (Chrono Boost)  
  27  2:22  Probe (Chrono Boost)  
  28  2:26  Adept  
  28  2:27  Adept  
  32  2:33  Mothership Core (Chrono Boost)  
  34  2:41  Pylon  
  34  2:51  Probe (Chrono Boost)  
  35  3:16  Sentry, Nexus  
  35  3:17  Pylon  
  39  3:20  Zealot  
  39  3:24  Probe (Chrono Boost)  
  33  3:50  Probe  
  35  4:02  Probe  
  35  4:13  Forge  
  35  4:15  Probe, Forge  
  28  4:31  Stalker x2  
  28  4:34  Probe  
  33  4:46  Probe  
  33  4:51  Probe  
  35  4:58  Probe  
  34  5:07  Probe  
  34  5:10  Probe  
  36  5:18  Probe  
  37  5:22  Probe  
  37  5:24  Robotics Facility  
  38  5:28  Probe  
  38  5:32  Protoss Ground Weapons Level 1 (Chrono Boost), Protoss Ground Armor Level 1 (Chrono Boost)  
  38  5:34  Probe  
  40  5:46  Sentry x2, Probe  
  40  5:49  Probe  
  45  5:55  Assimilator  
  46  5:58  Probe  
  46  5:59  Assimilator  
  46  6:00  Probe  
  48  6:10  Probe  
  49  6:12  Probe, Observer  
  49  6:17  Stalker  
  49  6:18  Stalker  
  55  6:25  Probe x2, Twilight Council  
  57  6:34  Pylon  
  57  6:37  Immortal, Probe x2  
  63  6:49  Probe x2  
  65  7:01  Probe x2  
  66  7:02  Robotics Bay  
  66  7:08  Charge  
  67  7:13  Probe x2  
  69  7:23  Stalker x2  
  69  7:28  Protoss Ground Weapons Level 2 (Chrono Boost)  
  73  7:39  Photon Cannon  
  73  7:43  Pylon  
  73  7:47  Stalker x2  
  77  7:56  Protoss Ground Armor Level 2 (Chrono Boost)  
  77  8:02  Photon Cannon  
  77  8:10  Photon Cannon  
  77  8:15  Gateway x2  
  77  8:17  Gateway  
  77  8:19  Gateway  
  70  8:33  Pylon  
  70  8:37  Immortal  
  74  8:41  Probe x2  
  74  8:47  Pylon  
  76  9:00  Templar Archives  
  76  9:13  Stalker  
  76  9:14  Stalker x3  
  84  9:37  Nexus  
  84  9:38  Pylon  
  84  9:40  Pylon  
  83  9:54  High Templar x2  
  83  9:55  High Templar x2  
  82  10:14  Pylon  
  82  10:15  Pylon  
  82  10:16  Pylon  
Show
View Real Time Build Order
Export as new Build Order

LilDicky Zerg - Winner!

Build Orders: Pool First 

Get SALT Encoding   

  12  0:02  Drone  
  13  0:08  Drone  
  14  0:31  Spawning Pool  
  14  0:33  Extractor  
  14  0:34  Drone  
  14  0:35  Drone  
  14  0:53  Overlord  
  14  1:16  Drone x3  
  17  1:19  Queen  
  19  1:38  Overlord  
  19  2:00  Zergling x2  
  19  2:01  Zergling x4  
  22  2:05  Metabolic Boost  
  22  2:19  Zergling x2  
  23  2:29  Zergling x2  
  26  2:30  Zergling x6  
  27  2:38  Zergling x2  
  26  3:00  Zergling x8  
  29  3:19  Zergling x2  
  30  3:20  Overlord  
  27  3:48  Zergling x4  
  26  3:49  Zergling x4  
  29  4:01  Hatchery  
  29  4:02  Lair  
  28  4:03  Hatchery  
  28  4:07  Extractor  
  25  4:30  Zergling x10  
  25  4:31  Zergling x2  
  29  4:53  Zergling x2  
  23  5:16  Spire  
  22  5:24  Drone x7  
  22  5:26  Queen  
  31  5:48  Drone x5  
  36  5:52  Extractor  
  36  5:54  Extractor  
  34  6:14  Drone  
  34  6:15  Drone x5  
  40  6:28  Mutalisk  
  40  6:29  Mutalisk  
  44  6:32  Overlord  
  44  6:49  Queen  
  44  6:53  Mutalisk x2  
  50  6:54  Mutalisk  
  50  6:59  Mutalisk  
  54  7:04  Mutalisk  
  56  7:10  Mutalisk  
  58  7:21  Overlord x2  
  58  7:49  Drone  
  58  7:50  Drone x13  
  72  8:28  Mutalisk  
  72  8:31  Hatchery, Overlord x2  
  73  8:41  Burrow  
  73  9:00  Mutalisk x6  
  73  9:01  Mutalisk  
  87  9:29  Infestation Pit  
  86  9:32  Mutalisk x2  
Tags
 
Add a new tag
Caveats
  • Supply blocks, unpowered buildings, or Contaminate may cause inaccurate times.
  • Supply counts are checked every 10 seconds.